 Dungeon Crawl Stone Soup version 0.27-a0-1200-g94dc6ad4cf (webtiles) character file.

Game seed: 188821186752033956

2303 Froggeryz the Basher (level 9, -17/54 HPs)
             Began as a Gargoyle Gladiator on May 30, 2021.
             Was an Initiate of Okawaru.
             Killed from afar by a deep elf pyromancer (33 damage)
             ... with a bolt of fire
             ... on level 7 of the Dungeon.
             The game lasted 00:10:12 (10355 turns).

Froggeryz the Basher (Gargoyle Gladiator)          Turns: 10355, Time: 00:10:13

Health: -17/54     AC: 17    Str: 21    XL:     9   Next: 40%
Magic:  0/9        EV: 10    Int:  9    God:    Okawaru [......]
Gold:   404        SH:  5    Dex: 11    Spells: 8/8 levels left

rFire    . . .     SeeInvis .   a - +0 flail
rCold    . . .     Faith    .   q - +0 buckler
rNeg     + . .     Spirit   +   i - +0 scale mail
rPois    ∞         Reflect  .   f - +2 helmet
rElec    +         Harm     .   (no cloak)
rCorr    .         Rampage  .   (no gloves)
Will     ++...                  x - +0 pair of boots
Stlth    ..........             k - amulet of guardian spirit
HPRegen  0.18/turn              b - ring of willpower
MPRegen  0.11/turn              v - ring of willpower

@: no status effects
A: sickness immunity, AC +6, negative energy resistance 1, electricity
resistance, torment resistance 1, petrification resistance
a: Renounce Religion


You were on level 7 of the Dungeon.
You worshipped Okawaru.
Okawaru was noncommittal.
You visited 2 branches of the dungeon, and saw 8 of its levels.
You also visited: Ossuary.

You collected 404 gold pieces.

Inventory:

Hand Weapons
 a - a +0 flail (weapon)
 s - a +1 morningstar
Missiles
 m - 5 silver boomerangs (quivered)
 r - 4 javelins
Armour
 f - a +2 helmet (worn)
 i - a +0 scale mail (worn)
 q - a +0 buckler (worn)
 x - a +0 pair of boots (worn)
Jewellery
 b - a ring of willpower (left hand)
 h - a ring of ice
 k - an amulet of guardian spirit (around neck)
 v - a ring of willpower (right hand)
Wands
 l - a wand of polymorph (1)
 y - a wand of iceblast (7)
Scrolls
 j - a scroll of silence
 n - a scroll of enchant weapon
 o - 2 scrolls of magic mapping
 p - 3 scrolls of teleportation
 u - a scroll of blinking
 w - a scroll of immolation
Potions
 c - a potion of heal wounds
 e - a potion of magic
 g - 8 potions of curing
 t - 2 potions of haste


   Skills:
 - Level 5.0 Fighting
 * Level 10.0 Maces & Flails
 - Level 1.7 Throwing
 - Level 3.0 Armour
 - Level 2.4 Dodging
 - Level 6.1 Shields


You had 8 spell levels left.
You didn't know any spells.
Your spell library contained the following spells:

 Spells                   Type           Power      Damage    Failure   Level
 Sting                    Tmut/Pois      0%         1d3       73%         1
 Poisonous Vapours        Pois/Air       0%         N/A       86%         2
 Ignite Poison            Fire/Tmut/Pois 0%         N/A       97%         3
 Mephitic Cloud           Conj/Pois/Air  0%         N/A       97%         3
 Olgreb's Toxic Radiance  Pois           0%         N/A       100%        4


Dungeon Overview and Level Annotations

Branches:
Dungeon (7/15)             Temple (1/1) D:7         Ossuary (visited)

Altars:
Ashenzari
Dithmenos
Elyvilon
Fedhas
Gozag
Hepliaklqana
Kikubaaqudgha
Makhleb
Okawaru
Qazlal
Ru
Sif Muna
Trog
Uskayaw
Vehumet
Wu Jian
Xom
Yredelemnul
Zin

Shops:
D:2 [   D:4 :   D:7 *


Innate Abilities, Weirdness & Mutations

You are immune to sickness and miasma.
Your stone body is resilient. (AC +6)
You are immune to poison.
You resist negative energy. (rN+)
You are resistant to electric shocks. (rElec)
You are resistant to unholy torment.
You are immune to petrification.


Message History

The deep elf pyromancer is severely wounded.
The deep elf pyromancer casts a spell.
You sock the deep elf pyromancer!
The deep elf pyromancer is almost dead.
The deep elf pyromancer points at you and mumbles some strange words.
The sticky flame hits you but does no damage.
You are covered in liquid flames!
You closely miss the deep elf pyromancer.
The deep elf pyromancer is almost dead.
You are covered in liquid flames!
The fire elemental closely misses you.
The deep elf pyromancer closely misses you.
You miss the deep elf pyromancer.
The deep elf pyromancer is almost dead.
You are covered in liquid flames!
You block the fire elemental's attack.
You barely miss the deep elf pyromancer.
The deep elf pyromancer is almost dead.
You are covered in liquid flames!
You are no longer on fire.
You block the fire elemental's attack.
The deep elf pyromancer hits you with a +0 long sword.
You miss the deep elf pyromancer.
The deep elf pyromancer is almost dead.
You block the fire elemental's attack.
The deep elf pyromancer casts a spell.
The deep elf pyromancer blinks!
The fire elemental hits you. The fire elemental burns you!
The fire elemental hits you. The fire elemental burns you!
The fire elemental hits you. The fire elemental burns you!
The deep elf pyromancer hits you with a +0 long sword.
There is an open gate here.
You closely miss the deep elf pyromancer.
The deep elf pyromancer is almost dead.
The fire elemental hits you. The fire elemental burns you!
* * * LOW HITPOINT WARNING * * *
The deep elf pyromancer points at you and mumbles some strange words.
The bolt of fire hits you!!
Ouch! That really hurt!
You die...

.# #..............### #..#. .#
#..#..8...8..#...# #..#. .#
#..#..#...#..#...######..#.
.######..#..#...#..#...'.......#.
###......#..#...#..#...#######.#
..'......#..#...#..#.........#.#
###......#..#...#..#..######.#.#
.........#..#+++#e.#.## #.#.#
########.#..+..$@..#.#######.#.#
######.#..+...E..#.........#.#
###...##.#..+.(:'..#.#########.#
....#....###########...........#
...........(.........###########
...#.#..###....+............#
........###....############.#
..#.#.#..................##.#
#.......#........#######.##.#####


You could see a deep elf pyromancer and a fire elemental (summoned).

Vanquished Creatures
  Grinder (D:5)
  A sky beast (D:7)
  A black bear (D:5)
  3 necrophages
  A phantom (D:4)
  A bullfrog (D:6)
  2 scorpions
  3 killer bees
  3 wights
  2 human zombies (Ossuary)
  An orc priest (D:5)
  5 jellies
  A bullfrog skeleton (D:6)
  4 centaur zombies (Ossuary)
  5 hounds
  2 centaur skeletons
  4 iguanas
  Terence (D:2)
  Natasha (thrice) (D:2)
  3 orc wizards
  2 hound zombies (Ossuary)
  3 mummies (Ossuary)
  Robin (D:3)
  3 adders
  2 white imps
  5 adder zombies (Ossuary)
  3 worms
  A dart slug (D:2)
  16 orcs
  3 bats
  7 endoplasms
  4 giant cockroaches
  8 hobgoblins
  6 jackals (D:1)
  5 kobolds
  2 quokkas (D:1)
  8 ball pythons
  3 frilled lizards
  A gnoll zombie (Ossuary)
  13 goblins
  3 goblin zombies (Ossuary)
  2 hobgoblin zombies (Ossuary)
  5 jackal zombies (Ossuary)
  4 kobold zombies (Ossuary)
  An orc zombie (Ossuary)
  A quokka zombie (Ossuary)
  6 rats
  6 rat zombies (Ossuary)
171 creatures vanquished.

Notes
Turn   | Place    | Note
-------+----------+-------------------------------------------
     0 | D:1      | Froggeryz the Gargoyle Gladiator began the quest for the
                  | Orb.
     0 | D:1      | Reached XP level 1. HP: 12/12 MP: 1/1
   244 | D:1      | Reached XP level 2. HP: 16/17 MP: 2/2
   322 | D:1      | Reached skill level 1 in Armour
   550 | D:1      | Found a faded altar of an unknown god.
   731 | D:1      | Reached XP level 3. HP: 21/21 MP: 3/3
  1183 | D:2      | Reached skill level 4 in Maces & Flails
  1188 | D:2      | Found a shimmering blue altar of Sif Muna.
  1423 | D:2      | Found Piwki Jej's Antique Armour Emporium.
  1584 | D:2      | Noticed Natasha
  1590 | D:2      | Killed Natasha
  1591 | D:2      | Reached XP level 4. HP: 11/26 MP: 1/4
  1778 | D:2      | Noticed Natasha
  1792 | D:2      | Killed Natasha
  1962 | D:2      | Noticed Natasha
  1969 | D:2      | Killed Natasha
  1970 | D:2      | Reached XP level 5. HP: 27/30 MP: 5/5
  2323 | D:3      | Noticed Robin
  2324 | D:3      | Noticed Terence
  2330 | D:2      | Reached skill level 5 in Maces & Flails
  2622 | D:2      | Killed Terence
  2827 | D:3      | Killed Robin
  3296 | D:3      | Reached XP level 6. HP: 11/36 MP: 2/6
  4201 | D:4      | Found a white marble altar of Elyvilon.
  4235 | D:4      | Reached skill level 6 in Maces & Flails
  4481 | D:4      | Found Dolof's Book Boutique.
  4551 | D:4      | Found a sand-covered staircase.
  4557 | Ossuary  | Entered an ossuary
  4677 | Ossuary  | Reached XP level 7. HP: 21/41 MP: 4/7
  5051 | Ossuary  | Reached skill level 7 in Maces & Flails
  5708 | D:4      | Reached XP level 8. HP: 22/48 MP: 6/8
  6528 | D:5      | Entered Level 5 of the Dungeon
  6620 | D:5      | Reached skill level 5 in Fighting
  6620 | D:5      | Reached skill level 8 in Maces & Flails
  6647 | D:5      | Noticed Grinder
  6661 | D:5      | Killed Grinder
  7310 | D:6      | Found an ancient bone altar of Kikubaaqudgha.
  7310 | D:6      | Found a broken altar of Ashenzari.
  7715 | D:6      | Reached skill level 5 in Shields
  7728 | D:6      | Found a hazy altar of Hepliaklqana.
  7815 | D:6      | Reached XP level 9. HP: 41/54 MP: 6/9
  7976 | D:6      | Reached skill level 9 in Maces & Flails
  8895 | D:7      | Found a staircase to the Ecumenical Temple.
  8944 | Temple   | Entered the Ecumenical Temple
  9421 | Temple   | Became a worshipper of Warmaster Okawaru
  9591 | D:7      | Found Johori Soah's Assorted Antiques.
 10095 | D:7      | Reached skill level 10 in Maces & Flails
 10336 | D:7      | Noticed a deep elf pyromancer
 10355 | D:7      | Killed from afar by a deep elf pyromancer

Illustrated notes

Levels and vault maps discovered:
D:1:      dpeg_arrival_oval, layout_basic, ebering_ecumenical_altar_petrified
D:2:      layout_loops_ring, serial_shops, shop, basic_altar,
          minmay_parallelograms, uniq_natasha
D:3:      layout_basic, uniq_terence, uniq_robin
D:4:      layout_layer_cave, kennysheep_little_box, serial_shops,
          kennysheep_mini, nicolae_ossuary_entry_plus
D:5:      layout_layer_cave, uniq_grinder
D:6:      layout_cave_pools, gammafunk_temple_overflow_forgotten,
          hangedman_abyss_or_decor_stabs
D:7:      layout_basic, minmay_temple_entry_sparse_star, serial_shops, shop,
          guppyfry_early_elven_hall
Temple:   regret_index_temple_generic_petals

Skill      XL: |  1  2  3  4  5  6  7  8  9 |
---------------+----------------------------+-----
Armour         | 1 2 3 |  3.0
Maces & Flails | 4 5 6 7 8 10 | 10.0
Fighting       | 3 4 5 |  5.0
Shields        | 5 6 |  6.1
Throwing       | |  1.7
Dodging        | |  2.4

Action                   |  1- 3 |  4- 6 |  7- 9 || total
-------------------------+-------+-------+-------++-------
Melee: Flail             |   138 |   262 |   433 ||   833
Throw: Throwing net      |       |     1 |     3 ||     4
  Use: Scroll            |       |     6 |     7 ||    13
       Potion            |       |       |     4 ||     4
 Stab: Held in net/web   |       |     1 |     3 ||     4
Armor: Leather armour    |    47 |       |       ||    47
       Scale mail        |    45 |   171 |   308 ||   524
Dodge: Dodged            |   143 |   155 |   232 ||   530
Block: Buckler           |       |       |    41 ||    41

Table legend: (Time is in decaauts)
 A = Elapsed time spent in this place.
 B = Non-inter-level travel time spent in this place.
 C = Inter-level travel time spent in this place.
 D = Time resting spent in this place.
 E = Time spent auto-exploring this place.
 F = Levels seen in this place.
 G = Mean time per level.
                   A        B        C        D        E       F      G
               +--------+--------+--------+--------+--------+-----+--------+
         Total |  10431 |  10064 |    367 |   1538 |   6821 |   9 | 1159.0 |
       Dungeon |   9146 |   8827 |    319 |   1324 |   6081 |   7 | 1306.6 |
        Temple |    494 |    446 |     48 |    214 |    198 |   1 |  494.0 |
       Ossuary |    790 |    790 |      0 |      0 |    542 |   1 |  790.0 |
               +--------+--------+--------+--------+--------+-----+--------+

Top non-repeatable levels by time:
     D:2: 1794 daAuts
     D:4: 1566 daAuts
     D:3: 1406 daAuts
     D:7: 1378 daAuts
     D:5: 1160 daAuts
     D:1: 1060 daAuts
 Ossuary: 790 daAuts
     D:6: 780 daAuts
  Temple: 494 daAuts
